cohdb
Replays
Latest Replays
All Replays
Popular Replays
Top Player Replays
Match Explorer
How It Works
Community
CoH3 Stats
Reddit
Sign in to upload your games and track your stats! →
Sign in with Steam
Match 44059356
Unlisted
Match 44059356
Overview
Messages
Build Orders
End
Pioneer Squad
Construct Infanterie Kompanie
Grenadier Squad
MG 42 Machine Gun Team
Grenadier Squad
Construct Panzergrenadier Kompanie
Panzergrenadier Squad
Selects Mechanized Battlegroup
Selects Raid Package
Selects StuG Assault Group
StuG Assault Group
Selects Spotting Scopes
StuG Assault Group
Selects Wespe Self-propelled Artillery
Medical Bunker
Support Elements
StuG III G Assault Gun
Grenadier Squad
Wespe Self-propelled Artillery
Pioneer Squad
StuG III G Assault Gun
Daniel
SpoSadiK
Barbarossa
silverticket
0
0
Comments
sign in to comment!
No comments posted yet!